 Dungeon Crawl Stone Soup version 0.30-a0-141-g30f27751c5 (webtiles) character file.

Game seed: 780502356412417149

124 qw the Chopper (level 5, -1/32 HPs)
             Began as a Gargoyle Fighter on Sept 25, 2022.
             Slain by Sigmund
             ... wielding a +0 vampiric scythe
              (4 damage)
             ... on level 3 of the Dungeon.
             The game lasted 00:00:50 (2697 turns).

qw the Chopper (Gargoyle Fighter)                   Turns: 2697, Time: 00:00:51

Health: -1/32      AC: 13    Str: 22    XL:     5   Next: 8%
Magic:  5/5        EV:  7    Int:  8    God:
Gold:   91         SH:  4    Dex:  9    Spells: 4/4 levels left

rFire   . . .      SeeInvis .    Y - +0 war axe
rCold   . . .      Faith    .    c - +0 buckler
rNeg    + . .      Spirit   .    k - +0 chain mail
rPois   inf        Reflect  .    (no helmet)
rElec   +          Harm     .    (no cloak)
rCorr   +          Rampage  .    (no gloves)
Will    .....                    (no boots)
Stlth   ..........               (no amulet)
HPRegen 0.10/turn                f - ring of resist corrosion
MPRegen 0.09/turn                p - +4 ring of slaying {mikee}

@: no status effects
A: sickness immunity, AC +4, negative energy resistance 1, electricity
resistance, torment resistance 1, petrification resistance
a: no special abilities


You were on level 3 of the Dungeon.
You visited 1 branch of the dungeon, and saw 3 of its levels.

You collected 91 gold pieces.


Innate Abilities, Weirdness & Mutations

You are immune to sickness and miasma.
Your stone body is resilient. (AC +4)
You are immune to poison.
You resist negative energy. (rN+)
You are resistant to electric shocks. (rElec)
You are resistant to unholy torment.
You are immune to petrification.


   Skills:
 - Level 3.2 Fighting
 + Level 4.1 Axes
 - Level 1.6 Throwing
 - Level 3.2 Armour
 - Level 3.2 Shields


You had 4 spell levels left.
You didn't know any spells.
Your spell library was empty.

Inventory:

Hand Weapons
 q - a +0 whip
 Y - a +0 war axe (weapon)
Missiles
 l - 5 javelins (quivered)
Armour
 b - a +0 kite shield
 c - a +0 buckler (worn)
 k - a +0 chain mail (worn)
Jewellery
 e - an amulet of magic regeneration
 f - a ring of resist corrosion (left hand)
 g - an amulet of the acrobat
 p - a +4 ring of slaying (right hand) {mikee}
Scrolls
 a - 2 scrolls of teleportation
 h - a scroll of identify
Potions
 d - a potion of might
 i - a potion of heal wounds

Dungeon Overview and Level Annotations

Branches:
Dungeon (3/15)

Altars:

Annotations:
D:3 1 runed translucent door, Sigmund; qw's ghost, amateur GrFi


Message History

Sigmund casts a spell.
Sigmund flickers and vanishes!
Deactivating autopickup; reactivate with Ctrl-A.
You swing at nothing.
A puff of flame appears from out of thin air!
The puff of flame hits you!
You swing at nothing.
You swing at nothing.
A puff of flame appears from out of thin air!
The puff of flame hits you.
You swing at nothing.
You swing at nothing.
You swing at nothing.
You block something's attack.
You swing at nothing.
A magic dart appears from out of thin air!
The magic dart hits you but does no damage.
You swing at nothing.
You hear some strange, mumbled words.
A puff of flame appears from out of thin air!
The puff of flame misses you.
You swing at nothing.
You hear some strange, mumbled words.
A puff of flame appears from out of thin air!
The puff of flame hits you.
You swing at nothing.
Something hits you.
You swing at nothing.
Something hits you but does no damage.
You swing at nothing.
Something hits you.
You swing at nothing.
Something hits you.
You swing at nothing.
Something hits you but does no damage.
You swing at nothing.
Something hits you but does no damage.
You swing at nothing.
Something hits you.
You die...

####......... ...'.........
.###......... .###########.
.......... ##.####### ##
.>........ .. #####
#######...####.##.#.#######
.....{.@..........
.....>##.#.####### ##### #.#.#
###)# #################.#.#
.#.#.#.#.#.#.#.#..#.#############
#.#.#.#.#.#.#.#.#................
.###.###.###.###.....############
#.#.#.#.#.#.#.#.#...)#


There were no monsters in sight!

Vanquished Creatures
  Natasha (twice) (D:3)
  An adder (D:2)
  A dart slug (D:2)
  3 bats
  6 endoplasms
  3 giant cockroaches (D:1)
  6 goblins
  4 hobgoblins (D:1)
  5 jackals
  5 kobolds
  3 quokkas
  6 ball pythons
  3 frilled lizards
  8 rats
56 creatures vanquished.

Vanquished Creatures (others)
  A plant (D:1)
1 creature vanquished.

Grand Total: 57 creatures vanquished

Notes
Turn   | Place    | Note
-------+----------+-------------------------------------------
     0 | D:1      | qw the Gargoyle Fighter began the quest for the Orb.
     0 | D:1      | Reached XP level 1. HP: 14/14 MP: 1/1
     0 | D:1      | 0 ||| qw: Version: 0.2-a-10-g399e6c4
     0 | D:1      | 0 ||| qw: Game counter: 200
     0 | D:1      | 0 ||| qw: Always use a shield: true
     0 | D:1      | 0 ||| qw: God list: Okawaru
     0 | D:1      | 0 ||| qw: Allow faded altars: false
     0 | D:1      | 0 ||| qw: Do Orc after D:15 true
     0 | D:1      | 0 ||| qw: Do second Lair branch before Depths: true
     0 | D:1      | 0 ||| qw: Lair rune preference: random
     0 | D:1      | 0 ||| qw: Plans: Normal, Zot:1-4, God:TSO, Crypt, Tomb,
                  | Pan, Slime:5, Hells, Abyss, Orb
     0 | D:1      | 0 ||| PLANNING D:1-11
    31 | D:1      | 31 ||| Stepping ~*~*~tactically~*~*~ (stealth).
    39 | D:1      | Reached skill level 2 in Axes
   103 | D:1      | Reached XP level 2. HP: 14/19 MP: 2/2
   314 | D:1      | 314 ||| Stepping ~*~*~tactically~*~*~ (stealth).
   461 | D:1      | Reached skill level 3 in Axes
   674 | D:1      | Reached XP level 3. HP: 18/23 MP: 3/3
   774 | D:1      | 774 ||| Stepping ~*~*~tactically~*~*~ (stealth).
   777 | D:1      | 777 ||| Stepping ~*~*~tactically~*~*~ (stealth).
  1287 | D:1      | 1287 ||| UPGRADING to ring of resist corrosion.
  1288 | D:1      | 1288 ||| READING 2 scrolls labelled KUFALUH VUEN.
  1291 | D:1      | 1291 ||| READING 3 scrolls labelled XIAROT DOGHUO.
  1335 | D:2      | Found a faded altar of an unknown god.
  1499 | D:2      | Reached XP level 4. HP: 28/28 MP: 4/4
  2119 | D:2      | 2119 ||| DROPPING +0 club.
  2125 | D:2      | 2125 ||| UPGRADING to +0 chain mail.
  2135 | D:2      | 2135 ||| DROPPING +0 scale mail.
  2136 | D:2      | 2136 ||| UPGRADING to +4 ring of slaying {mikee}.
  2137 | D:2      | 2137 ||| READING scroll labelled HANTIT LIOZ.
  2138 | D:2      | 2138 ||| READING scroll labelled LEMAOXTEDY.
  2139 | D:2      | 2139 ||| READING scroll labelled CAICIO XOH TAN.
  2140 | D:2      | 2140 ||| READING scroll labelled QYSOYRPH WUQID.
  2241 | D:2      | 2241 ||| READING 3 scrolls of identify.
  2241 | D:2      | 2241 ||| IDENTIFYING amethyst potion
  2242 | D:2      | 2242 ||| READING 2 scrolls of identify.
  2242 | D:2      | 2242 ||| IDENTIFYING viscous cyan potion
  2243 | D:2      | 2243 ||| DROPPING potion of invisibility.
  2300 | D:3      | Noticed Natasha
  2301 | D:3      | 2301 ||| Stepping ~*~*~tactically~*~*~ (stealth).
  2303 | D:3      | 2303 ||| Stepping ~*~*~tactically~*~*~ (hiding).
  2313 | D:3      | Killed Natasha
  2314 | D:3      | Reached skill level 1 in Throwing
  2428 | D:3      | Noticed qw's ghost (amateur GrFi)
  2429 | D:3      | Noticed Natasha
  2430 | D:3      | 2430 ||| Stepping ~*~*~tactically~*~*~ (hiding).
  2434 | D:3      | Killed Natasha
  2435 | D:3      | Reached skill level 4 in Axes
  2435 | D:3      | Reached XP level 5. HP: 32/32 MP: 5/5
  2537 | D:3      | Found a runed translucent door.
  2681 | D:3      | Noticed Sigmund
  2694 | D:3      | HP: 3/32 [something (6)]
  2697 | D:3      | Slain by Sigmund

Levels and vault maps discovered:
D:1:      dreamdust_arrival_beginning_and_end, layout_basic, serial_rivers,
          chequers_serial_rivers_large_b, chequers_serial_rivers_small_3,
          chequers_serial_rivers_micro_a, chequers_serial_rivers_room_b,
          serial_bayou_ford_a
D:2:      layout_loops_corners, shapermc_ecumenical_altar_totnotflames
D:3:      layout_basic, hellmonk_ghost_happy_afterlife, roderic_roman_lattice,
          uniq_natasha, uniq_sigmund

Skill      XL: |  1  2  3  4 |
---------------+-------------+-----
Axes           | 2 3 4 |  4.1
Throwing       | 1 |  1.6
Fighting       | |  3.2
Armour         | |  3.2
Shields        | |  3.2

Action                   |  1- 3 |  4- 6 || total
-------------------------+-------+-------++-------
Melee: War axe           |   107 |    33 ||   140
Throw: Javelin           |     2 |    11 ||    13
  Use: Scroll            |     2 |     6 ||     8
Armor: Scale mail        |    55 |     8 ||    63
       Chain mail        |       |    12 ||    12
Dodge: Dodged            |    52 |    15 ||    67
Block: Buckler           |    20 |     8 ||    28

Table legend:
 A = Non-vault XP
 B = Vault XP
 C = Vault XP percentage of total XP
 D = Non-vault monster count
 E = Vault monster count
 F = Vault count percentage of total count
                 A         B        C        D         E       F
            +---------+---------+-------+---------+---------+-------
      Total |     139 |      39 |  21.9 |      55 |       1 |   1.8
            +---------+---------+-------+---------+---------+-------
        D:1 |      60 |       0 |   0.0 |      35 |       0 |   0.0
        D:2 |      33 |       0 |   0.0 |      12 |       0 |   0.0
        D:3 |      46 |      39 |  45.9 |       8 |       1 |  11.1
            +---------+---------+-------+---------+---------+-------
